AoeStats
← RIO NILO ^

Arabia

509993490Analyzed
1v1 RM · 4d ago on Sep 29, 2026· 45m 13s· 2 players
Game mode
Random Map
Map size
Tiny (2 player)
Population
200
Speed
Normal
Resources
Standard
Victory
Conquest
Starting age
Dark Age
Ending age
Imperial Age
RankedLock teamsTeams togetherTeam positionsShared explorationLock speedFull tech treeHidden civsTurbo modeCheats
Victory
Defeat
🇦🇷 Hindustanis · Argentina
1325
+15
🇧🇷 Goths · Brazil
1303
-15
[DCNC] Brunin
7:22 Loom
9:56 Feudal Age
10:51 Double-Bit Axe
13:57 Man-at-Arms
18:41 Forging
18:57 Horse Collar
22:50 Castle Age
21:02 Scale Mail Armor
21:20 Fletching
22:39 Padded Archer Armor
23:06 Elite Skirmisher
23:44 Bodkin Arrow
24:45 Bow Saw
24:36 Heavy Plow
26:41 Chain Mail Armor
27:01 Iron Casting
28:08 Scale Barding Armor
32:01 Bloodlines
38:01 Long Swordsman
38:41 Squires
43:02 Imperial Age
45:26 Wheelbarrow
44:21 Two-Handed Swordsman
44:36 Light Cavalry
RIO NILO ^
6:47 Loom
9:11 Feudal Age
9:48 Double-Bit Axe
20:55 Castle Age
19:19 Gold Mining
22:51 Bow Saw
22:46 Scale Mail Armor
22:57 Forging
24:34 Chain Mail Armor
24:55 Iron Casting
27:26 Arson
27:41 Squires
33:50 Horse Collar
33:33 Pikeman
36:07 Wheelbarrow
37:29 Hand Cart
40:21 Imperial Age
42:58 Blast Furnace
42:43 Elite Ghulam
43:45 Conscription
45:23 Gold Shaft Mining
Connection lost

Rejoining the realm…

Still unreachable

The connection could not be restored.

Session expired

The server has moved on; the page needs a fresh start.